 Dungeon Crawl Stone Soup version 0.28.0-53-g5a82cb258f (webtiles) character file.

Game seed: 13390429073108107774

100 Zeld the Insei (level 4, -5/29 HPs)
             Began as an Octopode Transmuter on May 22, 2022.
             Slain by a bullfrog (6 damage)
             ... in a sewer.
             The game lasted 00:02:28 (2971 turns).

Zeld the Insei (Octopode Transmuter)                Turns: 2971, Time: 00:02:28

Health: -5/29      AC:  2    Str: 11    XL:     4   Next: 73%
Magic:  6/8        EV: 19    Int: 15    God:
Gold:   56         SH:  0    Dex: 17    Spells: 2/8 levels left

rFire   . . .      SeeInvis .     - Unarmed
rCold   . . .      Faith    .   (shield currently unavailable)
rNeg    . . .      Spirit   .   (helmet currently unavailable)
rPois   x          Reflect  .   (no amulet)
rElec   .          Harm     .   (no ring)
rCorr   .          Rampage  .   (no ring)
Will    .....                   (no ring)
Stlth   +.........              (no ring)
HPRegen 0.09/turn               (no ring)
MPRegen 0.11/turn               (no ring)
                                (no ring)
                                (no ring)

@: spider-form (expiring), very slow
A: venomous fangs, almost no armour, (amphibious), 8 rings, tiny, (camouflage
1), (gelatinous body 1), (nimble swimmer 1), (tentacles)
a: End Transformation


You were in a sewer.
You were a venomous arachnid creature.
You visited 1 branch of the dungeon, and saw 3 of its levels.
You also visited: Sewer.

You collected 56 gold pieces.

Inventory:

Hand Weapons
 a - a +3 dagger of protection (melded)
Scrolls
 b - a scroll of immolation {unknown}
 e - 4 scrolls of identify {unknown}
 f - a scroll of vulnerability {unknown}
Potions
 c - a potion of cancellation {unknown}
 d - a potion of brilliance {unknown}
 g - a potion of heal wounds {unknown}


   Skills:
 + Level 1.7 Fighting
 - Level 2.0 Dodging
 + Level 1.8 Stealth
 - Level 3.0 Unarmed Combat
 * Level 2.9 Spellcasting
 * Level 2.9 Transmutations
 + Level 1.0 Ice Magic
 + Level 1.3 Poison Magic


You had 2 spell levels left.
You knew the following spells:

 Your Spells              Type           Power      Damage    Failure   Level
a - Beastly Appendage     Tmut           20%        N/A       17%         1
b - Wereblood             Tmut           10%        N/A       24%         2
c - Spider Form           Tmut/Pois      8%         N/A       47%         3

Your spell library contained the following spells:

 Spells                   Type           Power      Damage    Failure   Level
 Slow                     Hex            8%         N/A       41%         1
 Confusing Touch          Hex            2%         N/A       73%         3
 Vampiric Draining        Necr           2%         2d6       73%         3
 Ice Form                 Ice/Tmut       8%         N/A       83%         4


Dungeon Overview and Level Annotations

Branches:
Dungeon (3/15)              Sewer (1/1)

Altars:

Annotations:
D:3 Grinder


Innate Abilities, Weirdness & Mutations

You are a venomous arachnid creature.
You have poisonous fangs.
You are tiny and dextrous.
Your spellcasting is less reliable in this form.
Your armour is entirely melded.
You are incapable of wielding weapons or throwing items.
You cannot wear most types of armour.
((You are amphibious.))
You can wear up to eight rings at the same time.
((Your skin changes colour to match your surroundings (Stealth+).))
((Your rubbery body absorbs attacks. (AC +1, EV +1)))
((You are camouflaged when in or above water. (Stealth+)))
((You have tentacles for arms and can constrict up to eight enemies at once.))


Message History

You see here a quokka skeleton.
The bullfrog croaks.
The bullfrog closely misses you. The bullfrog closely misses you.
The bullfrog closely misses you.
Casting: Beastly Appendage (safe; 6% risk of failure)
Confirm with . or Enter, or press ? or * to list all spells.
The spell is quite dangerous to miscast (26% risk of failure)!
Continue anyway?
Okay, then.
Casting: Spider Form (quite dangerous; 26% risk of failure)
Confirm with . or Enter, or press ? or * to list all spells.
You don't know that spell.
There are monsters nearby!
The bullfrog misses you. The bullfrog misses you.
The bullfrog barely misses you.
Casting: Spider Form (quite dangerous; 26% risk of failure)
Confirm with . or Enter, or press ? or * to list all spells.
The spell is quite dangerous to miscast (26% risk of failure)!
Continue anyway?
You turn into a venomous arachnid creature.
Your +3 dagger of protection melds into your body.
Your +3 dagger of protection goes still.
The bullfrog completely misses you. The bullfrog barely misses you.
The bullfrog completely misses you. The bullfrog misses you.
You enter the shallow water.
Moving in this stuff is going to be slow.
The bullfrog hits you. The bullfrog closely misses you. x2
The bullfrog misses you.
Your transformation is almost over.
The bullfrog hits you. The bullfrog completely misses you.
The bullfrog barely misses you. The bullfrog hits you.
* * * LOW HITPOINT WARNING * * *
The bullfrog completely misses you. The bullfrog barely misses you.
The bullfrog completely misses you. The bullfrog misses you.
The bullfrog hits you but does no damage.
The bullfrog misses you. The bullfrog closely misses you.
Your unstable footing causes you to fumble your attack.
The bullfrog hits you.
* * * LOW HITPOINT WARNING * * *
The bullfrog hits you.
You die...

########################
....†......≈≈...sFF≈...#
##################≈≈≈≈.#
#≈≈≈≈.# #≈≈≈≈.# #######
#.≈≈≈.# #≈≈≈≈≈≈####
#≈≈≈≈.#
≈≈≈≈≈≈≈≈≈≈####≈≈≈≈.#
≈≈≈≈≈≈≈≈≈≈≈≈##≈≈≈≈≈#
≈≈≈≈≈≈≈≈∩≈≈≈≈#≈≈≈≈.#


You could see 2 bullfrogs.

Vanquished Creatures
  3 adders
  2 worms (D:2)
  A dart slug (D:1)
  An orc (D:3)
  4 bats
  2 endoplasms
  7 giant cockroaches
  5 hobgoblins
  4 quokkas
  5 ball pythons
  13 frilled lizards
  6 goblins
  7 kobolds
  4 rats
64 creatures vanquished.

Notes
Turn   | Place    | Note
-------+----------+-------------------------------------------
     0 | D:1      | Zeld the Octopode Transmuter began the quest for the Orb.
     0 | D:1      | Reached XP level 1. HP: 13/13 MP: 3/3
   249 | D:1      | Reached XP level 2. HP: 18/18 MP: 3/5
   292 | D:1      | Learned a level 2 spell: Wereblood
  1251 | D:1      | Reached XP level 3. HP: 23/23 MP: 4/6
  1255 | D:1      | Learned a level 3 spell: Spider Form
  1314 | D:1      | Reached skill level 1 in Stealth
  1314 | D:1      | Reached skill level 1 in Poison Magic
  1756 | D:2      | Found a faded altar of an unknown god.
  1956 | D:2      | Reached XP level 4. HP: 28/28 MP: 6/8
  2065 | D:3      | Noticed Grinder
  2213 | D:3      | Found a glowing drain.
  2232 | Sewer    | Entered a sewer
  2452 | Sewer    | Reached skill level 1 in Ice Magic
  2952 | Sewer    | Noticed a bullfrog
  2953 | Sewer    | Noticed a bullfrog
  2971 | Sewer    | HP: 1/29 [bullfrog (6)]
  2971 | Sewer    | Slain by a bullfrog

Illustrated notes

Levels and vault maps discovered:
D:1:      nzn_arrival_depleted_hourglass, layout_basic,
          kennysheep_decorative_pillar, minmay_indecisive_spiral
D:2:      minmay_chambers_of_ones, layout_rooms, ebering_ecumenical_altar_webs
D:3:      minmay_angry_zag, layout_loops_cross, portal_sewer_entry_d,
          serial_shops, shop_coins, minmay_misc_feat_columns,
          hangedman_decor_riveting, uniq_grinder
Sewer:    sewer_frog_island_01

Skill      XL: |  1  2  3  4 |
---------------+-------------+-----
Stealth        | 1 |  1.8
Poison Magic   | 1 |  1.3
Ice Magic      | 1 |  1.0
Fighting       | |  1.7
Dodging        | |  2.0
Unarmed Combat | |  3.0
Spellcasting   | |  2.9
Transmutations | |  2.9

Action                   |  1- 3 |  4- 6 || total
-------------------------+-------+-------++-------
Melee: Unarmed           |     7 |    10 ||    17
       Dagger            |    63 |    39 ||   102
       Constrict         |    20 |    10 ||    30
       Kick              |    19 |     5 ||    24
       Tentacles         |    11 |     7 ||    18
       Punch             |     1 |     1 ||     2
 Cast: Beastly Appendage |    31 |     9 ||    40
       Spider Form       |       |     2 ||     2
 Stab: Sleeping          |     4 |     5 ||     9
Armor: Skin              |     6 |    16 ||    22
Dodge: Dodged            |    48 |    68 ||   116
